AoeStats
← 极地沙尘暴

Arabia

507259294Analyzed
1v1 RM · 14d ago on Sep 17, 2026· 43m 16s· 2 players
Game mode
Random Map
Map size
Tiny (2 player)
Population
200
Speed
Normal
Resources
Standard
Victory
Conquest
Starting age
Dark Age
Ending age
Imperial Age
RankedLock teamsTeams togetherTeam positionsShared explorationLock speedFull tech treeHidden civsTurbo modeCheats
Victory
Defeat
🇨🇳 Khitans · China
1485
+18
🇹🇼 Khmer · Taiwan
1533
-18
极地沙尘暴
8:19 Loom
14:18 Feudal Age
14:46 Double-Bit Axe
17:24 Domestication
19:57 Castle Age
19:29 Forging
20:03 Gold Mining
23:20 Bow Saw
23:29 Pastoralism
25:44 Scale Barding Armor
26:26 Husbandry
28:23 Iron Casting
29:55 Wheelbarrow
31:27 Hand Cart
35:36 Imperial Age
36:31 Elite Steppe Lancer
37:39 Chain Barding Armor
38:55 Plate Barding Armor
38:28 Lamellar Armor
38:43 Conscription
43:10 Ordo Cavalry
Lycoris Recoil
6:28 Loom
9:11 Feudal Age
10:01 Double-Bit Axe
19:19 Castle Age
17:39 Horse Collar
19:04 Forging
19:33 Bloodlines
20:14 Bow Saw
19:48 Pikeman
21:41 Scale Mail Armor
26:07 Wheelbarrow
26:24 Stone Mining
26:34 Gold Mining
26:46 Heavy Plow
28:02 Hand Cart
27:34 Town Watch
32:18 Imperial Age
31:01 Chain Mail Armor
31:46 Iron Casting
33:34 Fletching
34:22 Husbandry
37:19 Blast Furnace
36:35 Cavalier
37:37 Scale Barding Armor
38:54 Conscription
38:36 Halberdier
41:44 Chain Barding Armor
42:30 Bodkin Arrow
Connection lost

Rejoining the realm…

Still unreachable

The connection could not be restored.

Session expired

The server has moved on; the page needs a fresh start.